 Dungeon Crawl Stone Soup version 0.27-a0-679-g77a6b55cf3 (webtiles) character file.

Game seed: 17017545845110707114

399 Ijustatesigmund the Chopper (level 6, 0/49 HPs)
             Began as a Demonspawn Fighter on Mar 19, 2021.
             Slain by an ogre
             ... wielding a +0 giant spiked club
              (18 damage)
             ... on level 5 of the Dungeon.
             The game lasted 00:04:36 (3885 turns).

Ijustatesigmund the Chopper (Demonspawn Fighter)    Turns: 3885, Time: 00:04:36

Health: 0/49       AC: 10    Str: 16    XL:     6   Next: 53%
Magic:  6/6        EV:  8    Int: 10    God:
Gold:   147        SH: 10    Dex: 14    Spells: 5/5 levels left

rFire    . . .     SeeInvis .   a - +1 war axe
rCold    . . .     Faith    .   c - +2 kite shield
rNeg     . . .     Spirit   .   b - +0 scale mail
rPois    .         Reflect  .   j - +1 helmet
rElec    .         Harm     .   (no cloak)
rCorr    .         Rampage  .   (no gloves)
Will     .....                  (no boots)
Stlth    ..........             (no amulet)
HPRegen  0.16/turn              (no ring)
MPRegen  0.10/turn              (no ring)

@: no status effects
A: iridescent scales 1, powered by pain 2
a: no special abilities


You were on level 5 of the Dungeon.
You visited 1 branch of the dungeon, and saw 5 of its levels.

You collected 147 gold pieces.

Inventory:

Hand Weapons
 a - a +1 war axe (weapon)
 o - a +2 antimagic mace
Missiles
 h - 12 poisoned darts (quivered)
Armour
 b - a +0 scale mail (worn)
 c - a +2 kite shield (worn)
 j - a +1 helmet (worn)
Scrolls
 f - a scroll of teleportation
 g - 2 scrolls of magic mapping
 l - a scroll of random uselessness {unknown}
 m - a scroll of brand weapon {unknown}
 n - a scroll of blinking {unknown}
Potions
 d - a potion of degeneration {unknown}
 e - a potion of flight {unknown}
 i - a potion of curing
 k - 2 potions of heal wounds {unknown}


   Skills:
 + Level 4.4 Fighting
 * Level 4.7 Axes
 - Level 2.6 Armour
 + Level 2.8 Dodging
 - Level 2.6 Shields


You had 5 spell levels left.
You didn't know any spells.
Your spell library was empty.

Dungeon Overview and Level Annotations

Branches:
Dungeon (5/15)
 Temple: D:4-7

Altars:
Ashenzari
Dithmenos
Elyvilon
Gozag
Makhleb
Ru
Wu Jian
The Shining One


Innate Abilities, Weirdness & Mutations

You are partially covered in iridescent scales. (AC +2)
You sometimes gain power by taking damage.


Message History

Press: ? - help, Q - select action Shift-Dir - straight line, f - ogre
Aim: an ogre, wielding a +0 giant spiked club (75% to hit)
You throw a poisoned dart. The poisoned dart hits the ogre.
Throw: 14 darts (poison)
Press: ? - help, Q - select action Shift-Dir - straight line, f/p - ogre
Aim: an ogre, wielding a +0 giant spiked club (75% to hit)
You throw a poisoned dart.
The poisoned dart barely misses the ogre.
A giant cockroach zombie comes into view.
Throw: 13 darts (poison)
Press: ? - help, Q - select action Shift-Dir - straight line, f/p - ogre
Aim: an ogre, wielding a +0 giant spiked club (75% to hit)
You throw a poisoned dart.
The poisoned dart closely misses the ogre.
You hit the ogre.
The ogre is lightly wounded.
The ogre barely misses you. You block the ogre's attack.
You hit the ogre.
The ogre is lightly wounded.
The ogre hits you with a +0 giant spiked club!
The ogre barely misses you.
You slash the ogre!
The ogre is severely wounded.
A hound skeleton comes into view.
The ogre barely misses you.
You hit the ogre.
The ogre is almost dead.
The ogre hits you with a +0 giant spiked club!
You block the ogre's attack.
You hit the ogre.
The ogre is almost dead.
You hit the giant cockroach zombie. The giant cockroach zombie bites you.
You block the ogre's attack.
You block the giant cockroach zombie's attack.
You hit the ogre but do no damage.
The ogre is almost dead.
You hit the giant cockroach zombie.
You destroy the giant cockroach zombie!
The ogre hits you with a +0 giant spiked club!!
You die...

....................#
....................#
....................#
....................#
..................!.#
....................#
.......[............#
.P..................#
P..........@...!....#
..........O.).......#
..P........Z...>....
.P............).....
........(...........
....[...............
................
(..............


You could see an ogre and a hound skeleton.

Vanquished Creatures
  An ice beast (D:5)
  An ogre (D:4)
  A hound (D:4)
  Natasha (twice) (D:3)
  A worker ant (D:5)
  A hound skeleton (D:4)
  4 adders
  2 oozes
  3 worms
  A leopard gecko (D:4)
  5 orcs (D:3)
  3 giant cockroaches (D:3)
  5 goblins (D:2)
  3 hobgoblins
  3 jackals (D:4)
  5 kobolds
  A quokka (D:2)
  2 ball pythons (D:2)
  7 bats
  3 frilled lizards
  A giant cockroach zombie (D:5)
  A quokka skeleton (D:4)
  4 rats
60 creatures vanquished.

Notes
Turn   | Place    | Note
-------+----------+-------------------------------------------
     0 | D:1      | Ijustatesigmund the Demonspawn Fighter began the quest for
                  | the Orb.
     0 | D:1      | Reached XP level 1. HP: 18/18 MP: 1/1
   363 | D:1      | Gained mutation: You sometimes gain a little power by
                  | taking damage. [demonic ancestry]
   363 | D:1      | Reached XP level 2. HP: 23/24 MP: 2/2
   949 | D:2      | Reached skill level 1 in Dodging
   960 | D:2      | Gained mutation: You are partially covered in iridescent
                  | scales. (AC +2) [demonic ancestry]
   960 | D:2      | Reached XP level 3. HP: 23/29 MP: 3/3
  1138 | D:2      | Found a burning altar of Makhleb.
  1378 | D:2      | Found an opulent altar of Gozag.
  1479 | D:2      | Found an ornate altar of the Wu Jian Council.
  1859 | D:3      | Noticed Natasha
  1866 | D:3      | Killed Natasha
  1867 | D:3      | Gained mutation: You sometimes gain power by taking damage.
                  | [demonic ancestry]
  1867 | D:3      | Reached XP level 4. HP: 24/35 MP: 4/4
  2037 | D:3      | Noticed Natasha
  2043 | D:3      | Killed Natasha
  2345 | D:3      | Reached XP level 5. HP: 42/42 MP: 5/5
  2729 | D:4      | Found a sacrificial altar of Ru.
  3003 | D:4      | Found a broken altar of Ashenzari.
  3005 | D:4      | Found a shadowy altar of Dithmenos.
  3020 | D:4      | Noticed an ogre
  3031 | D:4      | Killed an ogre
  3032 | D:4      | Reached XP level 6. HP: 13/48 MP: 6/6
  3605 | D:4      | Found a sacrificial altar of Ru.
  3704 | D:5      | Entered Level 5 of the Dungeon
  3710 | D:5      | Noticed an ice beast
  3727 | D:5      | Killed an ice beast
  3869 | D:5      | Identified the +0 kite shield "Gierr" {Dex+2}
  3885 | D:5      | Slain by an ogre

Illustrated notes

Levels and vault maps discovered:
D:1:      zaba_arrival_water, layout_basic
D:2:      layout_basic, pdpol_wu_jian_five_deadly_venoms,
          nicolae_overflow_quartered_altars, grunt_ministairs_4
D:3:      layout_basic, uniq_natasha
D:4:      layout_cave_pods, nicolae_overflow_hidden_temple,
          nicolae_ru_the_path_less_chosen
D:5:      layout_basic, kiku_gazebo_garden_becter, lemuel_temple_firewalk_b,
          serial_park_tiny_1

Skill      XL: |  1  2  3  4  5 |
---------------+----------------+-----
Axes           | 2 3 4 |  4.7
Dodging        | 1 2 |  2.8
Fighting       | 4 |  4.4
Armour         | |  2.6
Shields        | |  2.6

Action                   |  1- 3 |  4- 6 || total
-------------------------+-------+-------++-------
Melee: War axe           |   100 |    92 ||   192
Throw: Dart              |       |     3 ||     3
  Use: Scroll            |     7 |     1 ||     8
       Potion            |       |     1 ||     1
Armor: Scale mail        |    46 |    45 ||    91
Dodge: Dodged            |    24 |    33 ||    57
Block: Kite shield       |    58 |    54 ||   112

Table legend: (Time is in decaauts)
 A = Elapsed time spent in this place.
 B = Non-inter-level travel time spent in this place.
 C = Inter-level travel time spent in this place.
 D = Time resting spent in this place.
 E = Time spent auto-exploring this place.
 F = Levels seen in this place.
 G = Mean time per level.
                   A        B        C        D        E       F      G
               +--------+--------+--------+--------+--------+-----+--------+
         Total |   4003 |   3933 |     70 |    734 |   2672 |   5 |  800.6 |
       Dungeon |   4003 |   3933 |     70 |    734 |   2672 |   5 |  800.6 |
               +--------+--------+--------+--------+--------+-----+--------+

Top non-repeatable levels by time:
     D:3: 1140 daAuts
     D:2: 1027 daAuts
     D:4: 1024 daAuts
     D:1: 616 daAuts
     D:5: 194 daAuts
